 Dungeon Crawl Stone Soup version 0.26-a0-812-g31a745ddcd (webtiles) character file.

Game seed: 8331584987198401970

60 night the Digger (level 3, -3/24 HPs)
             Began as a Demonspawn Earth Elementalist on Dec 2, 2020.
             Slain by an adder (4 damage)
             ... on level 3 of the Dungeon.
             The game lasted 00:03:12 (2199 turns).

night the Digger (Demonspawn Earth Elementalist)    Turns: 2199, Time: 00:03:13

Health: -3/24      AC:  2    Str:  8    XL:     3   Next: 80%
Magic:  6/6        EV: 12    Int: 17    God:
Gold:   144        SH:  0    Dex: 13    Spells: 3/7 levels left

rFire    . . .     SeeInvis .     - Unarmed
rCold    . . .     Faith    .   (no shield)
rNeg     . . .     Spirit   .   c - +0 robe
rPois    .         Reflect  .   (no helmet)
rElec    .         Harm     .   (no cloak)
rCorr    .         Rampage  .   (no gloves)
MR       .....                  (no boots)
Stlth    ++........             (no amulet)
HPRegen  0.08/turn              (no ring)
MPRegen  0.10/turn              (no ring)

@: lethally poisoned (-3 -> -10)
A: claws 1, spiny 1
a: no special abilities


You were on level 3 of the Dungeon.
You visited 1 branch of the dungeon, and saw 3 of its levels.

You collected 144 gold pieces.

Inventory:

Hand Weapons
 n - a +0 hunting sling
Missiles
 b - 124 stones (quivered)
 e - 15 poisoned darts
 j - 63 sling bullets
 l - 53 arrows
Armour
 c - a +0 robe (worn)
 h - a +0 leather armour
 p - a +0 buckler
Scrolls
 a - 2 scrolls of remove curse {unknown}
 d - 5 scrolls of identify {unknown}
 i - a scroll of blinking {unknown}
 m - a scroll of amnesia {unknown}
Potions
 f - a potion of heal wounds {unknown}
 g - a potion of brilliance {unknown}
 k - a potion of curing {unknown}
 o - a potion of lignification {unknown}


   Skills:
 - Level 1.7 Dodging
 - Level 1.7 Stealth
 + Level 1.0 Unarmed Combat
 + Level 2.6 Spellcasting
   Level 0.8 Transmutations
 * Level 3.7 Earth Magic


You had 3 spell levels left.
You knew the following spells:

 Your Spells              Type           Power        Failure   Level
a - Sandblast             Erth           ##....       4%          1
b - Stone Arrow           Conj/Erth      #.....       26%         3

Your spell library contained the following spells:

 Spells                   Type           Power        Failure   Level
 Passwall                 Tmut/Erth      ##......     11%         2
 Petrify                  Tmut/Erth      ##......     56%         4
 Lee's Rapid Deconstruct  Erth           ##........   73%         5


Dungeon Overview and Level Annotations

Branches:
Dungeon (3/15)

Altars:


Innate Abilities, Weirdness & Mutations

You have sharp fingernails.
You are partially covered in sharp spines.


Message History

There is a stone staircase leading down here.
You climb downwards.
An orc wizard comes into view. It is wielding a +0 dagger.
The orc wizard shouts!
The worker ant is struck by your spines.
The worker ant bites you.
You are poisoned.
The worker ant poisons you! The orc is struck by your spines.
The orc hits you with a +0 war axe! The adder barely misses you.
The goblin is struck by your spines.
You kill the goblin!
The orc wizard casts a spell at you. The magic dart hits you!
* * * LOW HITPOINT WARNING * * *
The worker ant misses you. The orc hits you with a +0 war axe.
* * * LOW HITPOINT WARNING * * *
There is a stone staircase leading up, spattered with blood here.
* * * LOW HITPOINT WARNING * * *
You feel sick. The adder bites you.
You die...

## .# ..#.#
##...######
##........).
##....$......
#............
#...So..<....
#...)@.......
#...B>.......
#.........?..
#...o.......$
##...........
##.....#....
#.##.######
#. o#


You could see a worker ant, an orc priest, an orc wizard, an adder and an orc.

Vanquished Creatures
  An adder (D:2)
  2 worms (D:2)
  A dart slug (D:2)
  A leopard gecko (D:1)
  An orc (D:2)
  4 bats
  3 giant cockroaches
  5 goblins
  5 hobgoblins
  2 jackals (D:2)
  A frilled lizard (D:1)
  6 kobolds
  7 rats
39 creatures vanquished.

Notes
Turn   | Place    | Note
-------+----------+-------------------------------------------
     0 | D:1      | night the Demonspawn Earth Elementalist began the quest for
                  | the Orb.
     0 | D:1      | Reached XP level 1. HP: 13/13 MP: 3/3
   232 | D:1      | Reached skill level 3 in Earth Magic
   266 | D:1      | Gained mutation: You have sharp fingernails. [demonic
                  | ancestry]
   266 | D:1      | Reached XP level 2. HP: 19/19 MP: 0/5
  1292 | D:2      | Gained mutation: You are partially covered in sharp spines.
                  | [demonic ancestry]
  1292 | D:2      | Reached XP level 3. HP: 24/24 MP: 1/6
  1344 | D:2      | Learned a level 3 spell: Stone Arrow
  1830 | D:2      | Reached skill level 1 in Unarmed Combat
  2198 | D:3      | HP: 3/24 [orc wizard/magic dart (7)]
  2199 | D:3      | HP: 1/24 [poisoned by a worker ant]
  2199 | D:3      | Slain by an adder

Illustrated notes

Levels and vault maps discovered:
D:1:      dpeg_arrival_erosion, layout_rooms
D:2:      layout_basic
D:3:      layout_rooms

Skill      XL: |  1  2  3 |
---------------+----------+-----
Earth Magic    | 3 |  3.7
Unarmed Combat | 1 |  1.0
Dodging        | |  1.7
Stealth        | |  1.7
Spellcasting   | |  2.6
Transmutations | |  0.8

Action                   || total
-------------------------++-------
Melee: Club              ||     7
       Unarmed           ||    59
 Cast: Sandblast         ||    35
 Stab: Sleeping          ||     4
Armor: Robe              ||    17
Dodge: Dodged            ||    46

Table legend: (Time is in decaauts)
 A = Elapsed time spent in this place.
 B = Non-inter-level travel time spent in this place.
 C = Inter-level travel time spent in this place.
 D = Time resting spent in this place.
 E = Time spent auto-exploring this place.
 F = Levels seen in this place.
 G = Mean time per level.
                   A        B        C        D        E       F      G
               +--------+--------+--------+--------+--------+-----+--------+
         Total |   2200 |   2140 |     60 |    718 |   1115 |   3 |  733.3 |
       Dungeon |   2200 |   2140 |     60 |    718 |   1115 |   3 |  733.3 |
               +--------+--------+--------+--------+--------+-----+--------+

Top non-repeatable levels by time:
     D:1: 1156 daAuts
     D:2: 1039 daAuts
     D:3: 5 daAuts
